Map: King's Cove LE

Players

HolyHit

  • Race: Protoss Protoss
  • Spawn Location: 5:00

Creed - Winner!

  • Race: Terran Terran
  • Spawn Location: 11:00

Event: 2019 WCS Spring

VOD

Have the link to the VOD?

Description

Time

  • Played on: May 17, 2019, 11:57 a.m.
  • Length: 15:09

All games in this series

Show
View Real Time Build Order
Export as new Build Order

HolyHit Protoss 

Build Orders: 1 Gate Expand, Dark Templar Rush 

Get SALT Encoding   

  12  0:00  Probe  
  13  0:13  Probe  
  14  0:19  Pylon  
  14  0:24  Probe  
  15  0:33  Probe  
  15  0:38  Gateway  
  15  0:41  Probe  
  16  0:47  Assimilator  
  17  0:52  Probe  
  18  1:04  Probe  
  19  1:16  Probe  
  20  1:26  Nexus  
  20  1:37  Cybernetics Core  
  20  1:39  Probe  
  21  1:52  Probe  
  21  1:54  Pylon  
  21  2:01  Probe  
  21  2:05  Assimilator  
  21  2:07  Stalker  
  22  2:09  Probe  
  25  2:18  Probe  
  26  2:29  Twilight Council  
  26  2:30  Probe  
  27  2:40  Stalker  
  27  2:43  Probe  
  30  2:45  Probe  
  30  2:50  Warp Gate  
  31  2:51  Probe  
  31  2:57  Probe  
  33  2:59  Probe  
  34  3:10  Probe  
  34  3:12  Robotics Facility  
  35  3:14  Probe  
  36  3:22  Probe  
  36  3:23  Probe  
  38  3:31  Probe  
  38  3:34  Probe, Dark Shrine  
  40  3:42  Probe  
  40  3:44  Gateway  
  40  3:46  Probe  
  42  3:51  Gateway  
  42  3:54  Probe  
  43  3:59  Pylon  
  43  4:00  Warp Prism  
  45  4:12  Probe  
  46  4:17  Probe, Pylon  
  46  4:20  Assimilator  
  46  4:21  Assimilator  
  47  4:33  Pylon  
  47  4:34  Probe  
  47  4:37  Pylon  
  48  4:39  Probe  
  49  4:47  Dark Templar x2  
  53  4:53  Charge, Shadow Stride  
  53  4:54  Gateway  
  53  5:03  Gateway  
  53  5:05  Gateway  
  53  5:11  Gateway  
  53  5:23  Gateway  
  53  5:24  Zealot  
  55  5:28  Zealot, Gateway  
  55  5:31  Zealot  
  58  5:46  Stalker  
  58  5:49  Zealot  
  62  5:57  Dark Templar x2  
  62  6:02  Zealot  
  66  6:06  Dark Templar  
  66  6:11  Dark Templar  
  70  6:29  Zealot x4  
  70  6:32  Pylon  
  78  6:37  Pylon  
  78  6:47  Warp Prism  
  70  6:55  Dark Templar  
  70  6:56  Dark Templar  
  64  7:05  Dark Templar x2  
  68  7:10  Dark Templar  
  68  7:13  Dark Templar  
  70  7:17  Dark Templar  
  70  7:22  Immortal  
  72  7:26  Blink  
  58  7:41  Zealot  
  60  7:47  Dark Templar  
  60  7:48  Zealot  
  64  8:09  Probe  
  64  8:10  Probe  
  66  8:13  Archon  
  66  8:15  Archon  
  66  8:22  Probe  
  66  8:25  Zealot  
  68  8:32  Probe  
  67  8:36  Forge  
  67  8:37  Zealot x4  
  67  8:38  Zealot x3  
  67  8:40  Probe  
  82  8:43  Forge  
  82  8:57  Nexus  
  82  8:59  Protoss Ground Armor Level 1  
  82  9:07  Immortal  
  86  9:10  Sentry x3  
  86  9:14  Probe  
  86  9:16  Protoss Ground Weapons Level 1  
  93  9:20  Probe  
  94  9:27  Pylon  
  94  9:28  Pylon  
  94  9:37  Zealot x2  
  94  9:42  Templar Archives  
  94  9:46  Observer  
  94  9:47  Stalker x2  
  99  9:58  Zealot x3  
  83  10:05  Zealot x2  
  85  10:11  Zealot x2  
  89  10:21  Stalker  
  89  10:22  Stalker  
  93  10:32  Probe x2  
  93  10:33  Probe  
  96  10:39  Stalker x3  
  102  10:43  High Templar  
  102  10:44  High Templar  
  102  10:48  High Templar x2, Archon  
  110  10:53  Archon  
  110  10:54  Dark Templar  
  112  10:57  Probe  
  112  10:58  Probe  
  114  11:10  Stalker x2  
  108  11:19  Zealot x2  
  108  11:25  Zealot  
  93  11:29  Zealot  
  93  11:30  Zealot x2, Protoss Ground Weapons Level 2  
  97  11:36  High Templar x2  
  97  11:39  Probe x2  
  101  11:41  Archon  
  101  11:50  Protoss Ground Armor Level 2  
  101  11:52  Probe x2  
  103  11:54  Pylon  
  103  12:02  Zealot x2  
  103  12:04  Probe  
  108  12:13  Zealot x3  
  112  12:19  Zealot x2  
  116  12:29  Stalker x2  
  119  12:38  Zealot x3  
  114  12:45  Zealot  
  114  12:49  Stalker  
  116  12:58  Stalker  
  104  13:00  Probe  
  105  13:08  Pylon  
  105  13:32  Nexus  
  103  13:35  High Templar x3  
  103  13:40  Pylon  
  109  13:45  Archon  
  109  13:47  Pylon  
  109  13:49  Pylon  
  109  14:01  Pylon  
  109  14:04  Pylon  
  109  14:08  High Templar x2  
  109  14:09  High Templar  
  115  14:11  Zealot  
  115  14:12  Archon  
  115  14:13  Archon  
  117  14:17  Zealot  
  119  14:28  Zealot  
  121  14:36  Stalker  
  115  14:49  Zealot x2  
  115  14:50  Zealot  
Show
View Real Time Build Order
Export as new Build Order

Creed Terran - Winner!

Build Orders: Reaper Expand 

Get SALT Encoding   

  12  0:00  SCV  
  13  0:12  SCV  
  14  0:17  Supply Depot  
  14  0:24  SCV  
  15  0:39  SCV  
  15  0:41  Barracks  
  16  0:44  Refinery  
  16  0:51  SCV  
  17  1:03  SCV  
  18  1:15  SCV  
  19  1:28  Reaper, Orbital Command  
  20  1:38  Refinery  
  20  1:53  Command Center  
  20  1:55  SCV  
  21  2:01  Barracks Reactor  
  21  2:07  SCV  
  22  2:10  Supply Depot  
  22  2:15  Barracks  
  22  2:19  SCV  
  23  2:27  Factory  
  23  2:39  Marine x2  
  23  2:41  SCV, Refinery  
  26  2:53  SCV  
  26  2:57  Marine x2  
  29  3:03  Barracks Tech Lab  
  29  3:08  Orbital Command  
  29  3:09  SCV  
  30  3:13  Starport  
  30  3:18  Widow Mine  
  32  3:21  Marine  
  32  3:22  Marine  
  32  3:24  Marine  
  35  3:27  SCV  
  35  3:32  Stimpack  
  36  3:35  SCV  
  36  3:39  Widow Mine  
  39  3:43  Supply Depot  
  39  3:45  SCV  
  39  3:48  SCV  
  41  3:49  Marine  
  41  3:51  Marine  
  43  3:56  Marauder  
  43  3:58  SCV  
  43  4:02  Factory Reactor  
  46  4:05  SCV  
  46  4:07  Medivac  
  49  4:12  Engineering Bay, Marine  
  49  4:13  Marine  
  50  4:19  SCV, Bunker  
  50  4:21  SCV  
  52  4:26  Marauder  
  54  4:36  Supply Depot x2  
  54  4:47  Missile Turret  
  54  4:49  Missile Turret  
  54  4:57  Viking, Widow Mine, SCV x2  
  54  4:58  Supply Depot  
  60  5:01  Supply Depot  
  60  5:03  Marine  
  60  5:04  Marine  
  62  5:08  Marauder  
  62  5:10  SCV  
  65  5:16  Terran Infantry Weapons Level 1  
  65  5:18  Widow Mine  
  65  5:19  Widow Mine  
  69  5:29  Marauder, Marine x2  
  69  5:32  Starport Reactor  
  69  5:33  SCV x2  
  75  5:49  Widow Mine  
  79  5:50  Widow Mine  
  79  5:57  SCV x2  
  79  6:01  Marine x2, Command Center, Refinery  
  79  6:02  Marauder  
  83  6:09  Medivac  
  85  6:13  SCV  
  85  6:14  Bunker  
  86  6:19  Supply Depot  
  86  6:20  Supply Depot  
  86  6:22  Supply Depot  
  86  6:34  Combat Shield  
  86  6:40  Widow Mine x2, Missile Turret, Medivac, Marine x2  
  86  6:42  SCV, Marauder  
  83  6:58  Marine  
  79  7:01  SCV x2  
  79  7:04  Marauder  
  80  7:11  Terran Infantry Armor Level 1  
  80  7:17  Orbital Command  
  80  7:18  SCV x2  
  80  7:20  Medivac  
  80  7:22  Missile Turret  
  84  7:29  Marine  
  77  7:30  Marauder, SCV x2  
  77  7:35  Widow Mine x2  
  83  7:40  Barracks  
  83  7:42  SCV, Barracks  
  83  7:43  Refinery, Barracks  
  84  7:45  Marine  
  84  7:48  Marine  
  86  7:53  SCV x2  
  86  7:55  SCV  
  89  8:12  Widow Mine x2  
  93  8:13  Marine x2  
  93  8:14  Marauder  
  93  8:19  Medivac x2, Supply Depot  
  101  8:30  Barracks Reactor, Barracks Tech Lab  
  101  8:31  Barracks Tech Lab  
  101  8:35  Widow Mine x2  
  101  8:37  Marine x2  
  101  8:38  Marauder  
  101  8:39  SCV x3  
  112  8:52  Marine x2  
  112  8:57  Missile Turret  
  112  8:59  Marauder  
  112  9:01  SCV x2  
  116  9:08  Orbital Command  
  114  9:12  Marine x2  
  114  9:13  Marauder x2, SCV x2, Marine  
  114  9:16  Missile Turret  
  123  9:21  Widow Mine x2  
  127  9:25  SCV x2  
  127  9:29  Armory  
  129  9:37  SCV x2  
  131  9:43  Widow Mine x2  
  135  9:50  Marine x2  
  135  9:51  Marauder  
  139  9:58  Medivac x2  
  125  10:02  Marine  
  125  10:03  Marauder  
  125  10:07  SCV x3  
  117  10:09  Widow Mine x2  
  119  10:23  Marine x4  
  119  10:24  Marauder x2, Terran Infantry Weapons Level 2  
  124  10:28  Engineering Bay  
  124  10:30  SCV x3  
  124  10:33  Medivac x2  
  131  10:42  SCV x2  
  133  10:44  Widow Mine  
  133  10:45  Supply Depot, Widow Mine  
  133  10:47  Supply Depot  
  133  10:48  Marine x2  
  133  10:49  Marauder, Missile Turret  
  141  10:54  Supply Depot  
  141  10:55  Terran Infantry Armor Level 2, Marine x2, Supply Depot  
  141  10:56  Marauder  
  145  10:59  Ghost Academy  
  145  11:05  Refinery  
  145  11:06  Medivac x2, Refinery  
  147  11:15  Marine  
  147  11:16  Marauder  
  129  11:25  Marine x2  
  129  11:26  Marauder  
  129  11:30  Bunker  
  129  11:31  Widow Mine x2  
  129  11:32  Liberator x2, Supply Depot  
  130  11:35  SCV x3, Supply Depot  
  130  11:41  Marine x3  
  130  11:42  Marauder  
  136  11:47  SCV  
  136  11:54  Marine x3  
  143  11:57  Supply Depot  
  143  11:59  SCV x2  
  143  12:00  SCV  
  148  12:02  Marine x2  
  148  12:03  Marine  
  151  12:11  SCV  
  151  12:12  SCV x2  
  151  12:14  Ghost x2  
  158  12:16  Marine  
  155  12:31  Marauder, Marine  
  155  12:32  Marine x2  
  155  12:33  Marine  
  155  12:36  Liberator x2  
  154  12:43  Marauder x2  
  151  12:49  Marine  
  151  12:50  Marine x2  
  148  12:53  Marauder, Widow Mine x2  
  148  12:57  Marine  
  155  13:05  Marauder x2  
  155  13:17  Marauder, Marine x3  
  155  13:19  Widow Mine x2  
  162  13:21  Command Center  
  162  13:26  Marauder x2  
  166  13:31  Sensor Tower  
  166  13:42  Marine  
  166  13:56  Marine  
  166  13:57  Marauder, Marine x3  
  166  13:58  Marauder  
  166  13:59  Widow Mine  
  166  14:00  Widow Mine  
  178  14:04  Medivac  
  178  14:05  Medivac  
  178  14:09  Concussive Shells  
  182  14:18  Fusion Core, Starport, Marine  
  182  14:19  Marine x2  
  185  14:25  Marauder, Marine  
  185  14:31  Marine x2  
  190  14:47  Marauder  
Tags
 
Add a new tag
Caveats
  • Supply blocks, unpowered buildings, or Contaminate may cause inaccurate times.
  • Supply counts are checked every 10 seconds.